 Dungeon Crawl Stone Soup version 0.32-a0-900-g30fb1b0edc (webtiles) character file.

Game seed: 17182803508684752720

81 EvolutionX the Magician (level 4, -2/31 HPs)
             Began as a Djinni Hedge Wizard on Apr 6, 2024.
             Slain by a gnoll
             ... wielding a +0 club
              (3 damage)
             ... on level 3 of the Dungeon.
             The game lasted 00:18:27 (1670 turns).

EvolutionX the Magician (Djinni Hedge Wizard)       Turns: 1670, Time: 00:18:28

Health: -2/31      AC:  5    Str:  9    XL:     4   Next: 67%
Gold:   79         EV: 11    Int: 23    God:
                   SH:  0    Dex: 13

rFire   + + .        i - +0 dagger (holy)
rCold   . . .        (no shield)
rNeg    . . .        h - +2 leather armour {rC+}
rPois   ∞            c - +0 hat
rElec   .            (no cloak)
rCorr   .            (no gloves)
SInv    .            (boots unavailable)
Will    .....        (no amulet)
Stlth   ++           d - +6 ring of intelligence
HPRegen 0.25/turn    (no ring)

%: infuse magic (-3 HP)
@: flying
A: sickness immunity, fire resistance 2, cold vulnerability 1, float, innate
caster, HP casting, extra vitality 1
a: no special abilities


You were on level 3 of the Dungeon.
You visited 1 branch of the dungeon, and saw 3 of its levels.

You collected 79 gold pieces.

Inventory:

Hand Weapons
 a - a +0 dagger
 i - a +0 dagger of holy wrath (weapon)
Armour
 b - a +0 robe
 c - a +0 hat (worn)
 h - a +2 leather armour of cold resistance (worn)
Jewellery
 d - a +6 ring of intelligence (left hand)
Scrolls
 e - 5 scrolls of identify {unknown}
 j - a scroll of fog {unknown}
 m - a scroll of revelation
 n - a scroll of enchant armour {unknown}
 p - a scroll of immolation {unknown}
 q - a scroll of amnesia {unknown}
Potions
 f - a potion of curing {unknown}
 g - a potion of resistance {unknown}
 k - a potion of haste {unknown}
 l - a potion of invisibility {unknown}
 o - a potion of lignification {unknown}


   Skills:
 + Level 0.2 Short Blades
 + Level 1.4 Armour
 + Level 3.1 Dodging
 + Level 2.5 Stealth
 + Level 3.3 Spellcasting
 + Level 3.3 Conjurations
 + Level 3.3 Hexes
 + Level 3.3 Summonings
 + Level 3.3 Necromancy
 + Level 3.3 Translocations
 + Level 3.3 Fire Magic
 + Level 3.3 Ice Magic
 + Level 3.3 Air Magic
 + Level 3.3 Earth Magic
 + Level 3.3 Alchemy


You knew the following spells:

 Your Spells              Type           Power      Damage    Failure   Level
a - Magic Dart            Conj           72%        1d6       4%          1
b - Slow                  Hex            72%        N/A       4%          1
c - Blink                 Tloc           36%        N/A       6%          2
d - Call Imp              Summ           36%        N/A       6%          2
e - Mephitic Cloud        Conj/Alch/Air  18%        N/A       12%         3
f - Sandblast             Erth           36%        2d10      4%          1
Your spell library was empty.

Dungeon Overview and Level Annotations

Branches:
Dungeon (3/15)

Altars:
Wu Jian


Innate Abilities, Weirdness & Mutations

You are immune to sickness and miasma.
You are immune to poison.
Your flesh is very heat resistant. (rF++)
You are vulnerable to cold. (rC-)
You float through the air rather than walking.
You learn spells naturally, not from books.
Your magical power is your life essence.
You have superior vitality. (+4 MHP)


Message History

q - a scroll labelled GET WINAWNEEPN A gnoll comes into view.
It is wielding a +0 halberd.
A gnoll is nearby!
A gnoll comes into view. It is wielding a +0 club.
Found a sedimented amethyst potion.
The gnoll shouts!
You hear a shout!
A gnoll comes into view. It is wielding a +0 spear.
Found 16 gold pieces.
A gnoll comes into view. It is wielding a +0 whip.
Casting: Magic Dart (safe; 4% risk of failure)
Confirm with . or Enter, or press ? or * to list all spells.
Aiming: Magic Dart (safe; 4% risk of failure)
Press: ? - help, Shift-Dir - straight line, f - gnoll
Aim: a gnoll, wielding a +0 club (100% to hit)
The magic dart hits the gnoll.
The gnoll is moderately wounded.
Casting: Magic Dart (safe; 4% risk of failure)
Confirm with . or Enter, or press ? or * to list all spells.
A tiny devil pulls itself out of the air.
The gnoll hits you with a +0 club.
Your cerulean imp hits the gnoll with a -3 spear.
The gnoll hits you but does no damage. The gnoll hits you but does no damage.
Your cerulean imp closely misses the gnoll.
The gnoll attacks as it pursues you! The gnoll hits you with a +0 club.
Your cerulean imp hits the gnoll but does no damage.
Casting: Call Imp (safe; 6% risk of failure)
Confirm with . or Enter, or press ? or * to list all spells.
Aiming: Magic Dart (safe; 4% risk of failure)
Press: ? - help, Shift-Dir - straight line, f/p - gnoll
Aim: a gnoll, wielding a +0 club (moderately wounded, 100% to hit)
The magic dart hits the gnoll.
The gnoll is moderately wounded.
The gnoll hits you from afar with a +0 spear!
Your cerulean imp hits the gnoll from afar with a -3 spear.
The gnoll attacks as it pursues you!
The gnoll hits you from afar with a +0 halberd!
* * * LOW HITPOINT WARNING * * *
The gnoll hits you with a +0 club.
You die...

###.##.# # #...... #
##.#.....## .# #.
.....5....# #.## #.#
#..?.g.##...# #.#
#..!.g....... #.#
#####g..#...# #.#
..# #.g.# # #.# #.#
#@..#
#.#####.###...#
#.............#
#<.####†###.#.#
.#####..###...##.#.#
............#....#.#
..#########...####.#
......## #.# #######
#.#


You could see 4 gnolls.

Vanquished Creatures
  Terence (D:2)
  4 ribbon worms (D:2)
  A dart slug (D:2)
  4 bats (D:2)
  6 endoplasms
  3 goblins
  A hobgoblin (D:2)
  4 jackals (D:1)
  5 kobolds
  2 quokkas
  2 ball pythons
  3 frilled lizards
  4 rats
40 creatures vanquished.

Vanquished Creatures (collateral kills)
  2 ball pythons
  A bat (D:1)
  A frilled lizard (D:1)
  A rat (D:2)
5 creatures vanquished.

Grand Total: 45 creatures vanquished

Notes
Turn   | Place    | Note
-------+----------+-------------------------------------------
     0 | D:1      | EvolutionX the Djinni Hedge Wizard began the quest for the
                  | Orb.
     0 | D:1      | EvolutionX set off with the following spells memorised:
                  | Magic Dart, Slow, Blink, Call Imp, Mephitic Cloud.
     0 | D:1      | Reached XP level 1. HP: 15/15 MP: 0/0
    73 | D:1      | Reached XP level 2. HP: 18/21 MP: 0/0
   381 | D:1      | Reached XP level 3. HP: 25/25 MP: 0/0
   381 | D:1      | Learned a level 1 spell: Sandblast
   721 | D:2      | Found an ornate altar of the Wu Jian Council.
  1215 | D:2      | Reached skill level 1 in Armour
  1238 | D:2      | Reached XP level 4. HP: 30/31 MP: 0/0
  1350 | D:2      | Noticed Terence
  1362 | D:2      | Killed Terence
  1670 | D:3      | HP: 1/31 [gnoll/+0 halberd (13)]
  1670 | D:3      | Slain by a gnoll

Illustrated notes

Levels and vault maps discovered:
D:1:      lightli_arrival_windingriver, layout_basic, minmay_domino_2
D:2:      layout_loops_ring, basic_altar, hangedman_decor_diamond_cutter,
          uniq_terence
D:3:      layout_loops_ring, hellmonk_ecumenical_altar_zigzags, uniq_robin

Skill      XL: |  1  2  3 |
---------------+----------+-----
Stealth        | 2 |  2.5
Dodging        | 3 |  3.1
Armour         | 1 |  1.4
Short Blades   | |  0.2
Spellcasting   | |  3.3
Conjurations   | |  3.3
Hexes          | |  3.3
Summonings     | |  3.3
Necromancy     | |  3.3
Translocations | |  3.3
Fire Magic     | |  3.3
Ice Magic      | |  3.3
Air Magic      | |  3.3
Earth Magic    | |  3.3
Alchemy        | |  3.3

Action                     |  1- 3 |  4- 6 || total
---------------------------+-------+-------++-------
  Melee: Dagger            |     5 |       ||     5
   Cast: Magic Dart        |    33 |     6 ||    39
         Call Imp          |     9 |     2 ||    11
         Sandblast         |    24 |    11 ||    35
         Slow              |     1 |       ||     1
    Use: Scroll            |     1 |       ||     1
 Armour: Robe              |     4 |       ||     4
         Leather armour    |     9 |    12 ||    21
  Dodge: Dodged            |     8 |     5 ||    13

Table legend: (Time is in decaauts)
 A = Elapsed time spent in this place.
 B = Non-inter-level travel time spent in this place.
 C = Inter-level travel time spent in this place.
 D = Time resting spent in this place.
 E = Time spent auto-exploring this place.
 F = Levels seen in this place.
 G = Mean time per level.
                   A        B        C        D        E       F      G
               +--------+--------+--------+--------+--------+-----+--------+
         Total |   1685 |   1628 |     57 |      0 |   1207 |   3 |  561.7 |
       Dungeon |   1685 |   1628 |     57 |      0 |   1207 |   3 |  561.7 |
               +--------+--------+--------+--------+--------+-----+--------+

Top non-repeatable levels by time:
     D:2: 973 daAuts
     D:1: 672 daAuts
     D:3: 39 daAuts
